 Dungeon Crawl Stone Soup version 0.20-b1-24-gb21faa7 (webtiles) character file.

102 Iflex the Poker (level 4, 0/34 HPs)
             Began as a Merfolk Gladiator on May 25, 2017.
             Succumbed to an adder's poison
             ... on level 2 of the Dungeon.
             The game lasted 00:02:14 (1267 turns).

Iflex the Poker (Merfolk Gladiator)                 Turns: 1267, Time: 00:02:15

Health: 0/34       AC:  4    Str: 15    XL:     4   Next: 78%
Magic:  4/4        EV: 14    Int:  7    God:
Gold:   81         SH:  0    Dex: 15    Spells: 3/3 levels left

rFire    . . .     SeeInvis .   a - +0 trident
rCold    . . .     Gourm    .   (no shield)
rNeg     . . .     Faith    .   b - +0 leather armour
rPois    .         Spirit   .   c - +0 helmet
rElec    .         Reflect  .   (no cloak)
rCorr    .         Harm     .   (no gloves)
MR       .....                  (no boots)
Stlth    ++........             (no amulet)
Regen    0.2/turn               (no ring)
MPRegen  0.1/turn               (no ring)

@: lethally poisoned (0 -> -3), flying
A: change form in water, swift swim, stealthy swim
a: no special abilities


You were on level 2 of the Dungeon.
You were not hungry.

You visited 1 branch of the dungeon, and saw 2 of its levels.

You collected 81 gold pieces.

Inventory:

Hand Weapons
 a - a +0 trident (weapon)
Missiles
 d - 3 throwing nets (quivered)
Armour
 b - a +0 leather armour (worn)
 c - a +0 helmet (worn)
Jewellery
 l - an uncursed amulet of magic regeneration {unknown}
Scrolls
 e - a scroll of blinking {unknown}
 i - 2 scrolls of enchant weapon {unknown}
 j - 2 scrolls of noise {unknown}
 k - a scroll of amnesia {unknown}
Comestibles
 f - a bread ration
 g - 4 royal jellies
 m - a chunk of flesh
 n - a meat ration


   Skills:
 + Level 2.6 Fighting
 + Level 6.0 Polearms
 + Level 2.2 Throwing
 + Level 0.2 Armour
 + Level 5.0 Dodging
 + Level 1.0 Stealth


You had 3 spell levels left.
You didn't know any spells.

Dungeon Overview and Level Annotations

Branches:
Dungeon (2/15)

Altars:
Nemelex Xobeh


Message History

You feel sick.
* * * LOW HITPOINT WARNING * * *
You feel sick.
* * * LOW HITPOINT WARNING * * *
You feel sick.
* * * LOW HITPOINT WARNING * * *
You feel sick.
* * * LOW HITPOINT WARNING * * *
You feel sick.
* * * LOW HITPOINT WARNING * * *
You feel sick.
* * * LOW HITPOINT WARNING * * *
You feel sick.
* * * LOW HITPOINT WARNING * * *
You feel sick.
* * * LOW HITPOINT WARNING * * *
You feel sick.
* * * LOW HITPOINT WARNING * * *
You feel sick.
You die...

.....# #.......#
#..........# .....#
###.....# #...........
.....# ###...#
############ .....# #...#
#... .....# #...## #.##
.....# ##....# #.# .....#
#+##.....####### #.#
.....# #........#.....#
#.# .....###
#......@.#.....## #.#
...†...# #...............#
###.##
#+##.†.############......#
#....) #..'(..'.....####
#......###.....
####...#...†....#
#..............
#....#........#
#.....###......
#....#........# #.....#
#...... #..(.#........#
####### #......
#.#+##........# #......


There were no monsters in sight!

Vanquished Creatures
  3 gnolls (D:1)
  3 adders (D:2)
  2 oozes (D:1)
  A worm (D:2)
  3 dart slugs
  6 bats
  2 giant cockroaches
  2 goblins (D:2)
  A hobgoblin (D:1)
  2 frilled lizards (D:2)
  4 kobolds
  5 rats
34 creatures vanquished.

Notes
Turn   | Place    | Note
-------+----------+-------------------------------------------
     0 | D:1      | Iflex the Merfolk Gladiator began the quest for the Orb.
     0 | D:1      | Reached XP level 1. HP: 16/16 MP: 1/1
   106 | D:1      | Reached XP level 2. HP: 22/22 MP: 2/2
   151 | D:1      | Reached skill level 5 in Polearms
   292 | D:1      | Reached XP level 3. HP: 27/27 MP: 3/3
   735 | D:2      | Reached XP level 4. HP: 29/34 MP: 4/4
   813 | D:2      | Found a sparkling altar of Nemelex Xobeh.
  1235 | D:2      | Reached skill level 6 in Polearms
  1235 | D:2      | Reached skill level 5 in Dodging
  1245 | D:2      | Reached skill level 1 in Stealth
  1261 | D:2      | HP: 1/34 [poisoned by an adder]
  1267 | D:2      | Succumbed to an adder's poison

Skill      XL: |  1  2  3  4 |
---------------+-------------+-----
Polearms       | 5 6 |  6.0
Dodging        | 5 |  5.0
Stealth        | 1 |  1.0
Fighting       | |  2.6
Throwing       | |  2.2
Armour         | |  0.2

Action                   |  1- 3 |  4- 6 || total
-------------------------+-------+-------++-------
Melee: Trident           |    51 |    71 ||   122
  Use: Potion            |       |     1 ||     1
 Stab: Sleeping          |     2 |     1 ||     3
  Eat: Chunk             |       |     1 ||     1
Armor: Leather armour    |     4 |     5 ||     9
Dodge: Dodged            |    19 |    49 ||    68
